 Dungeon Crawl Stone Soup version 0.29.1-12-g30fa7ad0bf (webtiles) character file.

Game seed: 2703378114225082892

140 MisterFreud the Changer (level 5, -5/40 HPs)
             Began as a Draconian Transmuter on Dec 18, 2022.
             Slain by a gnoll
             ... wielding a +0 club
              (7 damage)
             ... on level 2 of the Dungeon.
             The game lasted 00:02:41 (2244 turns).

MisterFreud the Changer (Draconian Transmuter)      Turns: 2244, Time: 00:02:41

Health: -5/40      AC:  2    Str: 13    XL:     5   Next: 2%
Magic:  4/8        EV: 19    Int: 15    God:
Gold:   70         SH:  0    Dex: 16    Spells: 2/8 levels left

rFire   . . .      SeeInvis .     - Unarmed
rCold   . . .      Faith    .   (shield currently unavailable)
rNeg    . . .      Spirit   .   (body armour unavailable)
rPois   x          Reflect  .   (helmet currently unavailable)
rElec   .          Harm     .   (cloak currently unavailable)
rCorr   .          Rampage  .   (gloves currently unavailable)
Will    .....                   (boots currently unavailable)
Stlth   +.........              (no amulet)
HPRegen 0.13/turn               (no ring)
MPRegen 0.11/turn               (no ring)

@: spider-form (expiring)
A: venomous fangs, AC +5, tiny, unfitting armour, (cold-blooded)
a: End Transformation


You were on level 2 of the Dungeon.
You were a venomous arachnid creature.
You visited 1 branch of the dungeon, and saw 2 of its levels.

You collected 70 gold pieces.

Inventory:

Missiles
 g - 2 poisoned darts
Armour
 c - a +1 pair of boots
 h - a +0 buckler
Jewellery
 f - a ring of flight
Potions
 a - a potion of lignification
 b - a potion of invisibility {unknown}
 d - a potion of flight {unknown}
 e - a potion of curing


   Skills:
 + Level 1.4 Fighting
 - Level 1.7 Dodging
 + Level 3.1 Unarmed Combat
 - Level 2.0 Spellcasting
 - Level 5.0 Transmutations
 + Level 0.6 Poison Magic


You had 2 spell levels left.
You knew the following spells:

 Your Spells              Type           Power      Damage    Failure   Level
a - Beastly Appendage     Tmut           32%        N/A       10%         1
b - Wereblood             Tmut           16%        N/A       13%         2
c - Spider Form           Tmut/Pois      9%         N/A       43%         3

Your spell library contained the following spells:

 Spells                   Type           Power      Damage    Failure   Level
 Ice Form                 Ice/Tmut       9%         N/A       80%         4


Dungeon Overview and Level Annotations

Branches:
Dungeon (2/15)

Altars:


Innate Abilities, Weirdness & Mutations

You are a venomous arachnid creature.
You have poisonous fangs.
You are tiny and dextrous.
Your spellcasting is less reliable in this form.
Your armour is entirely melded.
You are incapable of wielding weapons or throwing items.
((Your plain brown scales are hard. (AC +5)))
You cannot fit into any form of body armour.
((You are cold-blooded and may be slowed by cold attacks.))


Message History

The gnoll is moderately wounded.
The gnoll barely misses you.
You hit the gnoll.
The gnoll is poisoned.
The gnoll is severely wounded.
The gnoll completely misses you. The gnoll barely misses you.
You barely miss the gnoll.
The gnoll is severely wounded.
The gnoll completely misses you. The gnoll misses you.
The gnoll attacks as you move away! The gnoll hits you with a +0 club.
The gnoll closely misses you. The gnoll attacks as you move away!
The gnoll misses you. The gnoll attacks as you move away!
The gnoll completely misses you. The gnoll attacks as you move away!
The gnoll hits you with a +0 club!
* * * LOW HITPOINT WARNING * * *
Your transformation has ended.
The gnoll attacks as you move away! The gnoll hits you with a +0 club.
* * * LOW HITPOINT WARNING * * *
You kill the gnoll!
You have reached level 5!
It was a potion of curing.
You feel better. The gnoll misses you.
Casting: Spider Form (quite dangerous; 22% risk of failure)
Confirm with . or Enter, or press ? or * to list all spells.
The spell is quite dangerous to miscast (22% risk of failure)!
Continue anyway?
You turn into a venomous arachnid creature.
The gnoll barely misses you.
You hit the gnoll.
The gnoll is poisoned.
The gnoll is moderately wounded.
The gnoll completely misses you.
You barely miss the gnoll.
The gnoll is moderately wounded.
The gnoll closely misses you.
You barely miss the gnoll.
The gnoll is moderately wounded.
Your transformation is almost over.
The gnoll hits you with a +0 club!
* * * LOW HITPOINT WARNING * * *
You hit the gnoll.
The gnoll looks as sick as possible!
The gnoll is heavily wounded.
The gnoll hits you with a +0 club!
You die...

#.# #.# #.# #.#
#.####### #.#
#.##....† #.# #
#.##.#### #.#
..##.##.# #.#
...##.# #s#
#.##.#### #g######
#........
#.##...###..†.....
#.)........##.....
####....##.##.....
#....##.##.....
#........#.....
#...####)#..g..
##### #.#g.g..


You could see a gnoll (extremely poisoned).

Vanquished Creatures
  Jessica (D:2)
  3 gnolls (D:2)
  3 adders (D:2)
  A worm (D:2)
  A dart slug (D:1)
  5 bats
  6 endoplasms
  A giant cockroach (D:1)
  5 goblins
  4 hobgoblins
  8 jackals (D:1)
  A quokka (D:1)
  2 ball pythons
  2 frilled lizards
  3 kobolds
  6 rats (D:1)
52 creatures vanquished.

Notes
Turn   | Place    | Note
-------+----------+-------------------------------------------
     0 | D:1      | MisterFreud the Draconian Transmuter began the quest for
                  | the Orb.
     0 | D:1      | Reached XP level 1. HP: 16/16 MP: 3/3
    48 | D:1      | Reached XP level 2. HP: 19/23 MP: 3/5
   140 | D:1      | Found a faded altar of an unknown god.
   169 | D:1      | Reached skill level 3 in Transmutations
   772 | D:1      | Reached XP level 3. HP: 20/28 MP: 6/6
   779 | D:1      | Learned a level 2 spell: Wereblood
   783 | D:1      | Learned a level 3 spell: Spider Form
  1482 | D:2      | Noticed Jessica
  1788 | D:2      | Reached skill level 4 in Transmutations
  1836 | D:2      | Reached XP level 4. HP: 19/35 MP: 7/7
  1921 | D:2      | Killed Jessica
  2205 | D:2      | Identified the +0 leather armour of Starshine {*Corrode
                  | rElec rPois Str+7 Int-3}
  2216 | D:2      | Reached skill level 5 in Transmutations
  2239 | D:2      | Reached XP level 5. HP: 4/40 MP: 6/8
  2243 | D:2      | HP: 1/40 [gnoll/+0 club (8)]
  2244 | D:2      | Slain by a gnoll

Illustrated notes

Levels and vault maps discovered:
D:1:      giann_forest_graveyard, layout_basic, chequers_ecumenical_altar_simple
D:2:      layout_basic, wad_floor_pattern_1, uniq_jessica

Skill      XL: |  1  2  3  4 |
---------------+-------------+-----
Transmutations | 3 4 5 |  5.0
Fighting       | |  1.4
Dodging        | |  1.7
Unarmed Combat | |  3.1
Spellcasting   | |  2.0
Poison Magic   | |  0.6

Action                   |  1- 3 |  4- 6 || total
-------------------------+-------+-------++-------
Melee: Unarmed           |   130 |    32 ||   162
       Kick              |    17 |     3 ||    20
       Tailslap          |    11 |       ||    11
       Headbutt          |     8 |       ||     8
       Punch             |     1 |       ||     1
 Cast: Beastly Appendage |    23 |     3 ||    26
       Spider Form       |     1 |     4 ||     5
  Use: Scroll            |     4 |       ||     4
       Potion            |       |     1 ||     1
 Stab: Sleeping          |     1 |       ||     1
Armor: Skin              |    47 |     5 ||    52
Dodge: Dodged            |   111 |    30 ||   141
